 Seeded DCSS version 0.28-a0-1555-g9ae15a6949 (webtiles) character file.

Game seed: 53 (custom seed)

30 knot the Chopper (level 3, 21/29 HPs)
             Began as a Demonspawn Berserker on Jan 19, 2022.
             Was a Follower of Trog.
             Quit the game on level 1 of the Dungeon.
             The game lasted 00:00:40 (1039 turns).

knot the Chopper (Demonspawn Berserker)             Turns: 1039, Time: 00:00:41

Health: 21/29      AC:  2    Str: 17    XL:     3   Next: 3%
Magic:  3/3        EV: 12    Int: 10    God:    Trog [*.....]
Gold:   17         SH:  0    Dex: 12    Spells: 2/2 levels left

rFire   . . .      SeeInvis .   h - +0 war axe
rCold   . . .      Faith    .   (no shield)
rNeg    . . .      Spirit   .   b - +0 animal skin
rPois   .          Reflect  .   (helmet restricted)
rElec   .          Harm     .   (no cloak)
rCorr   .          Rampage  .   (no gloves)
Will    .....                   (no boots)
Stlth   +.........              (no amulet)
HPRegen 0.09/turn               (no ring)
MPRegen 0.08/turn               (no ring)

@: no status effects
A: horns 1, demonic magic 1
a: Renounce Religion, Berserk


You were on level 1 of the Dungeon.
You worshipped Trog.
Trog was aware of your devotion.
You visited 1 branch of the dungeon, and saw 1 of its levels.

You collected 17 gold pieces.

Inventory:

Hand Weapons
 h - a +0 war axe (weapon)
Missiles
 c - 27 stones (quivered)
 g - 3 poisoned darts
Armour
 b - a +0 animal skin (worn)
Scrolls
 d - 2 scrolls of fear {unknown}
 e - a scroll of fog {unknown}
 f - a scroll of identify {unknown}


   Skills:
 - Level 3.0 Fighting
 * Level 3.8 Axes
 * Level 0.1 Throwing
 - Level 1.7 Armour
 - Level 1.7 Dodging


You had 2 spell levels left.
You didn't know any spells.
Your spell library was empty.

Dungeon Overview and Level Annotations

Branches:
Dungeon (1/15)

Altars:


Innate Abilities, Weirdness & Mutations

You have a pair of small horns on your head.
Spells you cast may paralyse adjacent enemies.


Message History

h - a +0 war axe
h - a +0 war axe (weapon)
You drop a +0 hand axe.
c - 27 stones (gained 4)
d - 2 scrolls labelled FAQAUVV VAGYQU (gained 1)
Things that are here:
a +0 short sword; a kobold corpse You now have 17 gold pieces.
A goblin comes into view. It is wielding a +0 club.
The goblin shouts!
A goblin is nearby!
The goblin closely misses you.
A goblin is nearby!
You slash the goblin!
You kill the goblin!
Trog accepts your kill.
No target in view!
No target in view!
No target in view!
You see here a +0 club.
You open the door.
There is an open door here.
A dart slug comes into view.
A dart slug is nearby!
Found a stone staircase leading down.
The dart slug launches a dart at you. The slug dart hits you.
You hit the dart slug.
The dart slug is moderately wounded.
The dart slug launches a dart at you. The slug dart hits you.
You slash the dart slug!
You kill the dart slug!
Trog accepts your kill.
You have reached level 3!
Your experience leads to an increase in your attributes!
Increase (S)trength, (I)ntelligence, or (D)exterity?
You feel clever. x2; Your demonic ancestry asserts itself...
A menacing aura infuses your magic.
Are you sure you want to abandon this character and quit the game? (Confirm with "yes".)

###....#
..†.#...#
...###...#
...'.##...⌠
## ...###
#.._. #>
...# #...
##.########
...# ...
#.........#
...#
#....!....#
...#
#..@.......
...#
#..........
####
+..........
#
#..........
#
#.........#
#
#.........#
#
##'########
# #.# #
########.#


There were no monsters in sight!

Vanquished Creatures
  2 dart slugs (D:1)
  4 ball pythons (D:1)
  2 bats (D:1)
  An endoplasm (D:1)
  2 giant cockroaches (D:1)
  4 goblins (D:1)
  2 hobgoblins (D:1)
  4 kobolds (D:1)
  A rat (D:1)
22 creatures vanquished.

Notes
Turn   | Place    | Note
-------+----------+-------------------------------------------
     0 | D:1      | knot the Demonspawn Berserker began the quest for the Orb.
     0 | D:1      | Reached XP level 1. HP: 18/18 MP: 1/1
   299 | D:1      | Gained mutation: You have a pair of small horns on your
                  | head. [demonic ancestry]
   299 | D:1      | Reached XP level 2. HP: 18/24 MP: 2/2
   736 | D:1      | Found a faded altar of an unknown god.
  1039 | D:1      | Gained mutation: Spells you cast may paralyse adjacent
                  | enemies. [demonic ancestry]
  1039 | D:1      | Reached XP level 3. HP: 21/29 MP: 3/3
  1039 | D:1      | Quit the game

Illustrated notes

Levels and vault maps discovered:
D:1:      minmay_arrival_three_doors, layout_basic,
          hellmonk_ecumenical_altar_crossroads, minmay_domino_4

Skill      XL: |  1 |
---------------+----+-----
Axes           | 3 |  3.8
Fighting       | |  3.0
Throwing       | |  0.1
Armour         | |  1.7
Dodging        | |  1.7

Action                   || total
-------------------------++-------
Melee: Hand axe          ||    73
       Headbutt          ||     5
       War axe           ||     3
Armor: Animal skin       ||     8
Dodge: Dodged            ||    56

Table legend: (Time is in decaauts)
 A = Elapsed time spent in this place.
 B = Non-inter-level travel time spent in this place.
 C = Inter-level travel time spent in this place.
 D = Time resting spent in this place.
 E = Time spent auto-exploring this place.
 F = Levels seen in this place.
 G = Mean time per level.
                   A        B        C        D        E       F      G
               +--------+--------+--------+--------+--------+-----+--------+
         Total |   1049 |   1049 |      0 |    147 |    734 |   1 | 1049.0 |
       Dungeon |   1049 |   1049 |      0 |    147 |    734 |   1 | 1049.0 |
               +--------+--------+--------+--------+--------+-----+--------+

Top non-repeatable levels by time:
     D:1: 1049 daAuts
